 Dungeon Crawl Stone Soup version 0.30-a0-691-g754fce4c43 (webtiles) character file.

Game seed: 6693170138989824376

9 drugrobin the Sneak (level 1, 0/16 (18) HPs)
             Began as a Demigod Delver on Jan 20, 2023.
             Slain by a necrophage (5 damage)
             ... on level 4 of the Dungeon.
             The game lasted 00:01:00 (117 turns).

drugrobin the Sneak (Demigod Delver)                 Turns: 117, Time: 00:01:01

HP:   0/16 (18)     AC:  3    Str: 13    XL:     1   Next: 86%
MP:   3/3           EV: 11    Int: 12    God:
Gold: 0             SH:  0    Dex: 15    Spells: 0/0 levels left

rFire   . . .      SeeInvis .    c - +0 glaive
rCold   . . .      Faith    .    (shield currently unavailable)
rNeg    . . .      Spirit   .    a - +0 leather armour
rPois   .          Reflect  .    (no helmet)
rElec   .          Harm     .    (no cloak)
rCorr   .          Rampage  .    (no gloves)
Will    .....                    (no boots)
Stlth   +++                      (no amulet)
HPRegen 0.22/turn                (no ring)
MPRegen 0.08/turn                (no ring)

@: heavily drained
A: high MP 1, forlorn, divine attributes
a: no special abilities


You were on level 4 of the Dungeon.
You visited 1 branch of the dungeon, and saw 2 of its levels.

Inventory:

Hand Weapons
 c - a +0 glaive (weapon)
Armour
 a - a +0 leather armour (worn)
Wands
 f - a wand of digging (2)
 g - a wand of mindburst (19)
Scrolls
 b - a scroll of fog
 d - a scroll of fear
Potions
 e - a potion of haste


   Skills:
 - Level 2.6 Fighting
 - Level 1.7 Dodging
 - Level 4.5 Stealth
 + Level 2.5 Unarmed Combat


You couldn't memorise any spells.
You didn't know any spells.
Your spell library was empty.

Dungeon Overview and Level Annotations

Branches:
Dungeon (5/15)
 Temple: D:4-7

Annotations:
D:5 exclusions: iguana, orc and water moccasin


Innate Abilities, Weirdness & Mutations

You have an increased reservoir of magic. (+10% MP)
You shall have no god before yourself.
Your divine heritage dramatically boosts your attributes as you level up.


Message History

You open the door.
Found a leather armour.
There is an open door here.
A water moccasin comes into view.
Unknown command.
Unknown command.
Unknown command.
You see here a +0 leather armour.
Aiming: Dig
Press: ? - help, Shift-Dir - straight line A rock wall.
The rock shatters into small pieces.
Unknown command.
Unknown command.
Found a stone staircase leading down.
An orc comes into view. It is wielding a +0 morningstar.
Unknown command.
Unknown command.
Unknown command.
A necrophage and an adder come into view.
Unknown command.
Found a stone staircase leading up.
The adder hisses angrily.
Unknown command.
There is a stone staircase leading up here.
Unknown command.
Unknown command.
The necrophage closely misses you.
You climb upwards.
There is a stone staircase leading down here.
Unknown command.
You closely miss the necrophage. The necrophage closely misses you.
You closely miss the necrophage. The necrophage hits you.
You feel drained. The necrophage barely misses you.
You closely miss the necrophage. The necrophage hits you. x2
You feel drained.
You hit the necrophage.
The necrophage is lightly damaged.
The necrophage hits you.
You die... ..####### ......n@# ..#######

You could see a necrophage.

Vanquished Creatures
  An adder (D:5)
1 creature vanquished.

Notes
Turn   | Place    | Note
-------+----------+-------------------------------------------
     0 | D:5      | drugrobin the Demigod Delver began the quest for the Orb.
     0 | D:5      | Reached XP level 1. HP: 18/18 MP: 3/3
    36 | D:5      | Noticed an iguana
    77 | D:5      | Noticed a water moccasin
   109 | D:5      | Noticed a necrophage
   117 | D:4      | Slain by a necrophage

Illustrated notes

Levels and vault maps discovered:
D:4:      layout_basic, hex_medium
D:5:      layout_basic, uniq_menkaure

Skill      XL: |  1 |
---------------+----+-----
Unarmed Combat | 2 |  2.5
Fighting       | |  2.6
Dodging        | |  1.7
Stealth        | |  4.5

Action                   || total
-------------------------++-------
Melee: Glaive            ||     5
Evoke: Wand              ||     1
  Use: Scroll            ||     1
 Stab: Sleeping          ||     1
Dodge: Dodged            ||     3

Table legend: (Time is in decaauts)
 A = Elapsed time spent in this place.
 B = Non-inter-level travel time spent in this place.
 C = Inter-level travel time spent in this place.
 D = Time resting spent in this place.
 E = Time spent auto-exploring this place.
 F = Levels seen in this place.
 G = Mean time per level.
                   A        B        C        D        E       F      G
               +--------+--------+--------+--------+--------+-----+--------+
         Total |    119 |     91 |     28 |      0 |      0 |   2 |   59.5 |
       Dungeon |    119 |     91 |     28 |      0 |      0 |   2 |   59.5 |
               +--------+--------+--------+--------+--------+-----+--------+

Top non-repeatable levels by time:
     D:5: 113 daAuts
     D:4: 5 daAuts
